 Dungeon Crawl Stone Soup version 0.20.1-1-g8b1a95d (webtiles) character file.

13680 equalderp2856 the Cleaver (level 11, -6/99 HPs)
             Began as a Minotaur Fighter on July 28, 2017.
             Killed from afar by Harold (23 damage)
             ... with a bolt of fire
             ... on level 1 of the Lair of Beasts.
             The game lasted 00:33:04 (13071 turns).

equalderp2856 the Cleaver (Minotaur Fighter)       Turns: 13071, Time: 00:33:05

Health: -6/99      AC: 19    Str: 22    XL:     11   Next: 78%
Magic:  0/10       EV:  7    Int:  5    God:
Gold:   12         SH: 12    Dex: 12    Spells: 11/11 levels left

rFire    . . .     SeeInvis .   a - +0 war axe
rCold    . . .     Gourm    .   c - +0 shield
rNeg     . . .     Faith    .   s - +0 plate armour
rPois    .         Spirit   +   U - +0 hat
rElec    .         Reflect  .   (no cloak)
rCorr    +         Harm     .   q - +2 pair of gloves
MR       .....     Rnd*Tele +   o - +0 pair of boots
Stlth    ..........             K - amulet of guardian spirit
Regen    0.3/turn               r - ring of resist corrosion
MPRegen  0.2/turn               Q - ring of teleportation (curse)

@: no status effects
A: retaliatory headbutt, horns 2
a: no special abilities


You were on level 1 of the Lair of Beasts.
You were not hungry.

You visited 2 branches of the dungeon, and saw 12 of its levels.
You visited 1 bazaar.

You collected 607 gold pieces.
You spent 595 gold pieces at shops.

Inventory:

Hand Weapons
 a - a +0 war axe (weapon)
 L - a +2 hand crossbow of velocity
 R - a +0 shortbow
 X - a cursed -2 shortbow
 Y - a +0 broad axe
Missiles
 p - 334 stones (quivered)
 t - 215 arrows
 F - 23 sling bullets
 H - 14 tomahawks
 P - 61 poisoned needles
 T - 32 bolts
Armour
 b - a +0 scale mail
 c - a +0 shield (worn)
 o - a +0 pair of boots (worn)
 q - a +2 pair of gloves (worn)
 s - a +0 plate armour (worn)
 I - a +0 robe
 S - a +0 shield
 U - a +0 hat (worn)
Jewellery
 r - a ring of resist corrosion (left hand)
 G - an uncursed amulet of faith
 K - an amulet of guardian spirit (around neck)
 Q - a cursed ring of teleportation (right hand)
Wands
 N - a wand of random effects (15/48)
 V - a wand of confusion (13/48)
 W - a wand of acid (9/15)
Scrolls
 e - a scroll of amnesia {unknown}
 g - 3 scrolls of teleportation {unknown}
 h - a scroll of fog {unknown}
 j - 3 scrolls of recharging {unknown}
 l - 4 scrolls of enchant weapon
 m - 8 scrolls of remove curse
 n - 6 scrolls of fear {unknown}
 u - a scroll of magic mapping {unknown}
 w - 7 scrolls of identify
 y - 2 scrolls of blinking {unknown}
 C - 3 scrolls of random uselessness {unknown}
 M - 2 scrolls of enchant armour {unknown}
Potions
 d - 2 potions of might
 i - 2 potions of brilliance {unknown}
 k - 7 potions of heal wounds
 v - 5 potions of curing
 x - 3 potions of agility {unknown}
 D - a potion of lignification {unknown}
 E - a potion of flight {unknown}
 J - a potion of degeneration
 Z - a potion of ambrosia {unknown}
Comestibles
 f - 3 bread rations
 z - 13 royal jellies
 A - 3 meat rations
 B - 6 fruits
 O - a chunk of flesh


   Skills:
 - Level 9.7 Fighting
 - Level 14.3 Axes
 - Level 10.8 Armour
 - Level 1.3 Dodging
 - Level 0.6 Stealth
 - Level 11.1 Shields
 + Level 0.5 Spellcasting


You had 11 spell levels left.
You didn't know any spells.

Dungeon Overview and Level Annotations

Branches:
Dungeon (11/15)            Temple (0/1) D:4            Lair (1/6) D:11
    Orc (0/2) D:9

Altars:
Ashenzari
Fedhas
Kikubaaqudgha
Nemelex Xobeh
Sif Muna
Trog
Beogh

Shops:
D:9 (   D:10 [

Annotations:
Lair:1 Harold


Innate Abilities, Weirdness & Mutations

You reflexively headbutt those who attack you in melee.
You have a pair of horns on your head.


Message History

Harold throws a throwing net.
The throwing net hits you.
You become entangled in the net!
Found a stone staircase leading down.
You see here a throwing net.
Unknown command.
You struggle against the net.
Harold points at you and mumbles some strange words.
The bolt of fire hits you!
You struggle against the net.
You tear a large gash into the net.
You rip the net and break free!
Harold casts a spell at you. The bolt of fire hits you!
Okay, then.
Harold points at you and mumbles some strange words.
The bolt of fire hits you!
* * * LOW HITPOINT WARNING * * *
Harold gestures at you while chanting. The bolt of fire hits you!
You die...

.....###...P########.>
.....##...............
..#.............#
....#.#...P##@..#
..##...........##
..###.....###### ... .# #.#
#.##..## #..# #.## #.#
#.##...#########..###...#.
#.###.##...@....@.....#......
...##.#.#..#.#####.#..#.....
...........###### ##.#..#.##
...##.##.#.####.####....P#..##
...#####.#.#.........#.......#
#..# #....#.#####....#..###.#
...# #...##.# ###.#....#
#..#####.###.#### ##..†.## #
##.......PP...#.###
#.#.#####.#


You could see Harold.

Vanquished Creatures
  Erica (D:9)
  2 two-headed ogres
  The ghost of equalderp2856 the Cleaver, a novice MiFi (Lair:1)
  2 unseen horrors
  An ugly thing (D:11)
  A manticore (D:11)
  A komodo dragon (Lair:1)
  A hornet (D:11)
  4 trolls
  Prince Ribbit (D:6)
  4 blink frogs (Lair:1)
  3 hippogriffs
  3 wyverns
  6 yaks (D:10)
  A hungry ghost (D:11)
  Edmund (D:4)
  Menkaure (D:7)
  A soldier ant (D:11)
  3 ice beasts
  6 orc warriors
  A sky beast (D:5)
  A phantom (D:4)
  6 centaurs
  4 ogres
  2 crocodiles
  2 big kobolds (D:11)
  5 bullfrogs
  A wyvern skeleton (D:9)
  2 scorpions
  4 killer bees (D:11)
  5 wights
  3 howler monkeys (D:7)
  3 crimson imps
  2 quasits
  A gnoll shaman (D:4)
  A bullfrog zombie (D:11)
  7 jellies
  5 orc priests
  6 hounds
  6 orc wizards
  3 bullfrog skeletons
  3 iguanas
  5 worker ants
  2 hound zombies
  A hound skeleton (D:6)
  4 worker ant zombies
  11 adders
  7 gnolls
  3 shadow imps
  6 oozes
  An adder skeleton (D:5)
  5 worms
  2 dart slugs
  7 leopard geckos
  59 orcs
  6 bats
  6 giant cockroaches
  6 goblins
  17 hobgoblins
  4 jackals
  15 kobolds
  5 quokkas
  12 frilled lizards
  A leopard gecko skeleton (D:4)
  A leopard gecko zombie (D:5)
  9 rats
312 creatures vanquished.

Vanquished Creatures (others)
  An orc wizard (D:9)
  An adder (D:11)
2 creatures vanquished.

Grand Total: 314 creatures vanquished

Notes
Turn   | Place    | Note
-------+----------+-------------------------------------------
     0 | D:1      | equalderp2856 the Minotaur Fighter began the quest for the Orb.
     0 | D:1      | Reached XP level 1. HP: 19/19 MP: 0/0
   162 | D:1      | Reached XP level 2. HP: 19/27 MP: 1/1
   712 | D:2      | Reached skill level 3 in Axes
   712 | D:2      | Reached XP level 3. HP: 33/33 MP: 2/2
  1022 | D:2      | Reached XP level 4. HP: 40/40 MP: 3/3
  1489 | D:2      | Found a deep blue altar of Sif Muna.
  1582 | D:3      | Reached skill level 4 in Axes
  1589 | D:3      | Reached XP level 5. HP: 42/47 MP: 4/4
  2337 | D:3      | Reached skill level 5 in Axes
  2568 | D:3      | Reached skill level 5 in Shields
  2874 | D:4      | Reached XP level 6. HP: 52/53 MP: 5/5
  3087 | D:4      | Noticed Edmund
  3108 | D:4      | Killed Edmund
  3108 | D:4      | Reached skill level 6 in Axes
  3150 | D:4      | Reached XP level 7. HP: 36/60 MP: 6/6
  3393 | D:4      | Found a sparkling altar of Nemelex Xobeh.
  3419 | D:4      | Reached skill level 5 in Armour
  3433 | D:4      | Reached skill level 7 in Axes
  3618 | D:4      | Found a faded altar of an unknown god.
  3620 | D:4      | Found a staircase to the Ecumenical Temple.
  3860 | D:5      | Entered Level 5 of the Dungeon
  3922 | D:5      | Reached skill level 5 in Fighting
  4109 | D:5      | Found a shattered altar of Ashenzari.
  4132 | D:5      | Found a bloodstained altar of Trog.
  4373 | D:5      | Reached XP level 8. HP: 67/68 MP: 7/7
  4520 | D:5      | Reached skill level 8 in Axes
  5131 | D:6      | Noticed Prince Ribbit
  5207 | D:6      | Killed Prince Ribbit
  5382 | D:6      | Reached skill level 9 in Axes
  5414 | D:6      | Found a blossoming altar of Fedhas.
  5415 | D:6      | Found an ancient bone altar of Kikubaaqudgha.
  5638 | D:6      | Noticed a moth of wrath
  5642 | D:6      | Found a bloodstained altar of Trog.
  5952 | D:7      | Noticed Menkaure
  5958 | D:7      | Killed Menkaure
  6465 | D:7      | Reached XP level 9. HP: 75/75 MP: 8/8
  6475 | D:7      | Reached skill level 10 in Axes
  6781 | D:8      | Noticed a two-headed ogre
  6794 | D:8      | Killed a two-headed ogre
  6840 | D:8      | Reached skill level 11 in Axes
  7281 | D:8      | Found a roughly hewn altar of Beogh.
  7763 | D:8      | Reached XP level 10. HP: 56/88 MP: 9/9
  8184 | D:9      | Reached skill level 12 in Axes
  8270 | D:9      | Found a staircase to the Orcish Mines.
  8270 | D:9      | Noticed Erica
  8304 | D:9      | Killed Erica
  8727 | D:9      | HP: 4/88 [poisoned by an orc warrior]
  8733 | D:9      | HP: 4/88 [poisoned by an orc warrior]
  8741 | D:9      | HP: 4/88 [poisoned by an orc warrior]
  9126 | D:9      | Found Medotz's Weapon Shop.
  9366 | D:9      | Noticed a two-headed ogre
  9376 | D:9      | Killed a two-headed ogre
  9546 | D:9      | Reached skill level 13 in Axes
  9768 | D:10     | Entered Level 10 of the Dungeon
  9851 | D:10     | Reached skill level 10 in Shields
 10125 | D:10     | Found Ymal's Armour Boutique.
 10202 | D:10     | Reached XP level 11. HP: 84/95 MP: 10/10
 11109 | D:10     | Killed an unseen horror
 11383 | D:11     | Reached skill level 10 in Armour
 11774 | D:11     | Found a staircase to the Lair.
 11885 | D:11     | Reached skill level 1 in Dodging
 11993 | D:11     | Found a flickering gateway to a bazaar.
 12002 | Bazaar   | Entered a bazaar
 12020 | Bazaar   | Found Duogg's Gadget Shoppe.
 12033 | Bazaar   | Found Yskal's Weapon Shoppe.
 12033 | Bazaar   | Found Komn's General Store.
 12046 | Bazaar   | Found Humpoll's Jewellery Emporium.
 12147 | Bazaar   | Bought a potion of degeneration for 7 gold pieces
 12303 | Bazaar   | Bought an uncursed amulet of guardian spirit for 330 gold pieces
 12400 | Bazaar   | Bought a +2 hand crossbow of velocity for 258 gold pieces
 12512 | D:11     | Noticed a cyan ugly thing
 12530 | D:11     | Killed a cyan ugly thing
 12589 | D:11     | Killed an unseen horror
 12677 | Lair:1   | Entered Level 1 of the Lair of Beasts
 12681 | Lair:1   | Noticed equalderp2856's ghost (novice MiFi)
 12711 | Lair:1   | Killed equalderp2856's ghost
 12711 | Lair:1   | Reached skill level 14 in Axes
 13053 | Lair:1   | Noticed Harold
 13071 | Lair:1   | Killed from afar by Harold

Skill      XL: |  1  2  3  4  5  6  7  8  9 10 11 |
---------------+----------------------------------+-----
Shields        | 4 5 6 7 8 10 11 | 11.1
Fighting       | 4 5 6 7 8 9 |  9.7
Axes           | 3 4 5 6 7 9 11 13 14 | 14.3
Armour         | 4 5 6 8 9 10 | 10.8
Dodging        | 1 |  1.3
Stealth        | |  0.6
Spellcasting   | |  0.5

Action                   |  1- 3 |  4- 6 |  7- 9 | 10-12 || total
-------------------------+-------+-------+-------+-------++-------
Melee: War axe           |   103 |   221 |   380 |   489 ||  1193
       Headbutt          |    13 |    38 |    90 |   108 ||   249
  Use: Scroll            |       |       |     3 |     1 ||     4
       Potion            |       |       |       |     2 ||     2
  Eat: Chunk             |       |     7 |    12 |    11 ||    30
       Fruit             |       |       |     2 |     5 ||     7
       Bread ration      |       |       |       |     1 ||     1
Armor: Scale mail        |    17 |       |       |       ||    17
       Plate armour      |    54 |   139 |   198 |   290 ||   681
Dodge: Dodged            |    29 |    43 |    66 |   107 ||   245
Block: Shield            |    66 |   113 |   187 |   259 ||   625
